 Dungeon Crawl Stone Soup version 0.29-a0-233-g1125b37a9b (webtiles) character file.

Game seed: 3372857800940881063

121 bande the Covered (level 5, -22/33 HPs)
             Began as a Gargoyle Fighter on Mar 2, 2022.
             Annihilated by an ogre
             ... wielding a +0 giant club
              (28 damage)
             ... on level 3 of the Dungeon.
             The game lasted 00:05:11 (2820 turns).

bande the Covered (Gargoyle Fighter)                Turns: 2820, Time: 00:05:11

Health: -22/33     AC: 11    Str: 27    XL:     5   Next: 5%
Magic:  5/5        EV:  9    Int:  7    God:
Gold:   173        SH:  4    Dex: 11    Spells: 4/4 levels left

rFire   . . .      SeeInvis .   a - +0 war axe
rCold   + . .      Faith    .   c - +0 buckler
rNeg    + . .      Spirit   .   b - +0 scale mail
rPois   ∞          Reflect  .   (no helmet)
rElec   +          Harm     .   (no cloak)
rCorr   .          Rampage  .   (no gloves)
Will    .....                   (no boots)
Stlth   ..........              (no amulet)
HPRegen 0.11/turn               e - +6 ring of strength
MPRegen 0.09/turn               r - +4 ring of slaying

@: flying
A: sickness immunity, AC +4, negative energy resistance 1, electricity
resistance, torment resistance 1, petrification resistance, big wings, cold
resistance 1, dopey 1, strong 1
a: no special abilities


You were on level 3 of the Dungeon.
You visited 1 branch of the dungeon, and saw 4 of its levels.

You collected 173 gold pieces.

Inventory:

Hand Weapons
 a - a +0 war axe (weapon)
 p - a +4 morningstar
Armour
 b - a +0 scale mail (worn)
 c - a +0 buckler (worn)
Jewellery
 e - a +6 ring of strength (left hand)
 r - a +4 ring of slaying (right hand)
Wands
 o - a wand of iceblast (14)
Scrolls
 g - a scroll of holy word
 h - a scroll of amnesia
Potions
 d - 2 potions of might
 f - 2 potions of brilliance
 i - 2 potions of resistance
 j - a potion of heal wounds
 k - a potion of haste {unknown}
 l - a potion of berserk rage
 m - a potion of lignification {unknown}
 n - a potion of degeneration {unknown}


   Skills:
 + Level 3.7 Fighting
 + Level 3.2 Axes
 + Level 4.2 Armour
 - Level 0.2 Dodging
 - Level 0.1 Stealth
 + Level 3.8 Shields


You had 4 spell levels left.
You didn't know any spells.
Your spell library was empty.

Dungeon Overview and Level Annotations

Branches:
Dungeon (4/15)
 Temple: D:4-7

Altars:
Kikubaaqudgha

Shops:
D:1 (

Annotations:
D:4 Eustachio


Innate Abilities, Weirdness & Mutations

You are immune to sickness and miasma.
Your stone body is resilient. (AC +4)
You are immune to poison.
You resist negative energy. (rN+)
You are resistant to electric shocks. (rElec)
You are resistant to unholy torment.
You are immune to petrification.
Your large and strong wings let you fly.
Your flesh is cold resistant. (rC+)
You are dopey. (Int -2)
Your muscles are strong. (Str +2)


Message History

The adder is moderately wounded.
The adder bites you but does no damage. x2
You slash the adder!
You kill the adder!
You have reached level 5!
You see here an adder corpse.
There is an open door here.
Done exploring.
Done exploring.
Done exploring.
There is a stone staircase leading down here.
You fly downwards.
Found 11 gold pieces.
There is a stone staircase leading up here.
You now have 173 gold pieces (gained 11).
Found a stone staircase leading up.
As you read the scroll of identify, it crumbles to dust.
j - a potion of heal wounds Eustachio the Magnificent comes into view.
He is wielding a +0 rapier.
Eustachio shouts!
An ogre comes into view. It is wielding a +0 giant club.
The ogre shouts!
You hear an angry hiss.
Eustachio gestures wildly while chanting.
A hobgoblin comes into view.
Eustachio gestures wildly while chanting.
Eustachio blinks!
There is a stone staircase leading up here.
The ogre hits you with a +0 giant club!!
Ouch! That really hurt!
* * * LOW HITPOINT WARNING * * *
You fly upwards.
There is a stone staircase leading down here.
You hit the ogre.
The ogre is moderately wounded.
The ogre closely misses you.
You slash the ogre!
The ogre is severely wounded.
The ogre hits you with a +0 giant club!!
Ouch! That really hurt!
You die...

.#.#.#####.##.....#
...#.#####.####<#######
...........# #.......#
..#####...## #..####.# #.#
#...#####..####<####### ..#
#..........##.(.......# #.#
#.#.######.##.#.#####.#
#.#####.#.# #.........##.#####
#.........# #@O.....#.#.#>....
#.........# #.#.....#.##.#####
######...## #.#.....#.#### # #
#...# #.#.....#.######## # #†..#
#...............##
######...#########.............##
...............###....#........##
...............................##
...............####.#.#........##


You could see an ogre.

Vanquished Creatures
  6 adders
  A worm (D:3)
  2 dart slugs
  An orc (D:3)
  7 ball pythons
  7 endoplasms
  2 giant cockroaches (D:1)
  6 goblins
  4 hobgoblins
  3 jackals (D:3)
  6 quokkas
  3 bats
  2 frilled lizards (D:2)
  3 kobolds
  4 rats
57 creatures vanquished.

Notes
Turn   | Place    | Note
-------+----------+-------------------------------------------
     0 | D:1      | bande the Gargoyle Fighter began the quest for the Orb.
     0 | D:1      | Reached XP level 1. HP: 14/14 MP: 1/1
   162 | D:1      | Found Rihett's Weapon Boutique.
   173 | D:1      | Reached XP level 2. HP: 19/19 MP: 2/2
   675 | D:2      | Reached XP level 3. HP: 22/23 MP: 3/3
   935 | D:2      | Found a faded altar of an unknown god.
   941 | D:2      | Gained mutation: You are dopey. (Int -2) [potion of
                  | mutation]
   941 | D:2      | Gained mutation: Your large and strong wings let you fly.
                  | [potion of mutation]
   941 | D:2      | Gained mutation: Your muscles are strong. (Str +2) [potion
                  | of mutation]
   941 | D:2      | Gained mutation: Your flesh is cold resistant. (rC+)
                  | [potion of mutation]
  1091 | D:2      | Reached XP level 4. HP: 29/29 MP: 4/4
  1317 | D:2      | Reached skill level 4 in Armour
  1352 | D:2      | Found an ancient bone altar of Kikubaaqudgha.
  2627 | D:3      | Reached XP level 5. HP: 30/33 MP: 5/5
  2804 | D:4      | Noticed Eustachio
  2805 | D:4      | Noticed an ogre
  2820 | D:3      | Annihilated by an ogre

Illustrated notes

Levels and vault maps discovered:
D:1:      minmay_arrival_four_houses, layout_rooms, serial_shops,
          nicolae_shop_stone
D:2:      layout_loops_corners, basic_altar, nicolae_ecumenical_oubliette
D:3:      layout_loops_cross, minivault_11, minmay_cupped
D:4:      layout_basic, uniq_eustachio, uniq_pikel

Skill      XL: |  1  2  3  4 |
---------------+-------------+-----
Axes           | 2 3 |  3.2
Armour         | 4 |  4.2
Fighting       | |  3.7
Dodging        | |  0.2
Stealth        | |  0.1
Shields        | |  3.8

Action                   |  1- 3 |  4- 6 || total
-------------------------+-------+-------++-------
Melee: War axe           |    93 |    98 ||   191
  Use: Scroll            |     6 |     5 ||    11
       Potion            |     1 |       ||     1
Armor: Scale mail        |    51 |    50 ||   101
Dodge: Dodged            |    43 |    51 ||    94
Block: Buckler           |    16 |    22 ||    38

Table legend: (Time is in decaauts)
 A = Elapsed time spent in this place.
 B = Non-inter-level travel time spent in this place.
 C = Inter-level travel time spent in this place.
 D = Time resting spent in this place.
 E = Time spent auto-exploring this place.
 F = Levels seen in this place.
 G = Mean time per level.
                   A        B        C        D        E       F      G
               +--------+--------+--------+--------+--------+-----+--------+
         Total |   2898 |   2898 |      0 |      0 |   2306 |   4 |  724.5 |
       Dungeon |   2898 |   2898 |      0 |      0 |   2306 |   4 |  724.5 |
               +--------+--------+--------+--------+--------+-----+--------+

Top non-repeatable levels by time:
     D:2: 1118 daAuts
     D:3: 1070 daAuts
     D:1: 665 daAuts
     D:4: 43 daAuts
